Map: Cyber Forest LE

Players

Probe - Winner!

  • Race: Protoss Protoss
  • Spawn Location: 5:00

Future

  • Race: Terran Terran
  • League: Grandmaster
  • Spawn Location: 11:00

Event: 2019 WCS Winter Americas

VOD

Have the link to the VOD?

Description

Time

  • Played on: Feb. 7, 2019, 1:24 p.m.
  • Length: 10:15

All games in this series

Show
View Real Time Build Order
Export as new Build Order

Probe Protoss - Winner!

Build Orders: 1 Gate Expand, Blink Stalkers 

Get SALT Encoding   

  12  0:00  Probe  
  13  0:12  Probe  
  14  0:17  Pylon  
  14  0:24  Probe  
  15  0:32  Probe  
  15  0:36  Gateway  
  15  0:40  Probe  
  16  0:46  Assimilator  
  17  0:51  Probe  
  18  1:03  Probe  
  19  1:15  Probe  
  20  1:24  Nexus  
  20  1:33  Cybernetics Core  
  20  1:36  Probe  
  21  1:41  Assimilator  
  21  1:48  Probe  
  21  1:51  Pylon  
  22  2:00  Probe, Adept  
  23  2:08  Probe  
  26  2:16  Twilight Council, Probe  
  26  2:20  Warp Gate  
  27  2:27  Probe  
  28  2:31  Stalker  
  28  2:36  Probe x2  
  32  2:44  Probe  
  32  2:45  Blink  
  32  2:48  Probe  
  34  2:53  Probe  
  34  3:00  Probe  
  34  3:03  Stalker  
  34  3:05  Probe  
  38  3:12  Probe  
  39  3:19  Probe  
  40  3:21  Robotics Facility  
  40  3:24  Probe  
  41  3:31  Gateway  
  41  3:32  Probe  
  41  3:34  Gateway  
  42  3:36  Probe  
  43  3:43  Pylon  
  43  3:44  Probe  
  44  3:48  Probe  
  44  3:52  Pylon  
  43  3:56  Probe  
  43  4:00  Probe  
  45  4:04  Pylon  
  45  4:10  Stalker  
  45  4:16  Probe x2  
  47  4:27  Stalker  
  47  4:28  Probe x2  
  50  4:34  Stalker x2  
  53  4:40  Observer, Probe x2  
  51  4:52  Assimilator  
  52  4:53  Probe x2  
  52  4:58  Observer  
  54  5:00  Nexus  
  54  5:02  Pylon  
  54  5:05  Probe x2  
  57  5:09  Forge  
  57  5:11  Forge  
  57  5:17  Probe  
  57  5:18  Probe  
  59  5:21  Observer  
  60  5:29  Probe  
  60  5:30  Stalker x3, Probe  
  68  5:41  Probe  
  68  5:42  Probe  
  69  5:44  Protoss Ground Armor Level 1  
  69  5:54  Probe x2  
  71  6:04  Gateway  
  71  6:06  Protoss Ground Weapons Level 1, Probe x2, Gateway x2  
  67  6:14  Probe  
  67  6:18  Probe x2  
  70  6:22  Charge  
  70  6:26  Probe  
  70  6:30  Probe x2  
  70  6:31  Gateway  
  73  6:34  Gateway  
  73  6:38  Probe  
  74  6:42  Probe x2  
  74  6:50  Probe  
  74  6:52  Zealot  
  74  6:53  Zealot, Sentry  
  79  6:54  Probe x2  
  79  7:05  Sentry x2  
  79  7:06  Probe  
  84  7:09  Immortal  
  84  7:11  Nexus, Pylon  
  84  7:14  Pylon x2  
  84  7:15  Stalker x2, Observer  
  90  7:16  Pylon  
  90  7:25  Stalker  
  90  7:27  Protoss Ground Armor Level 2  
  90  7:28  Pylon x3  
  92  7:30  Pylon  
  92  7:32  Zealot x2  
  96  7:41  Zealot  
  96  7:42  Zealot x4  
  106  7:46  Pylon  
  106  7:50  Observer  
  106  7:54  Immortal  
  109  8:02  Zealot x4  
  115  8:08  Pylon  
  115  8:17  Zealot  
  115  8:18  Zealot x3  
  122  8:28  Stalker  
  122  8:32  Zealot  
  122  8:33  Zealot x2  
  122  8:34  Observer  
  131  8:44  Sentry  
  131  8:45  Zealot x3  
  133  8:53  Zealot x4  
  113  9:05  Zealot x4  
  107  9:10  Probe  
  107  9:16  Zealot x4  
  102  9:18  Immortal  
  95  9:26  Zealot x4  
  95  9:27  Probe x2  
  95  9:28  Probe  
  95  9:31  Probe  
  95  9:37  Sentry x2  
  95  9:38  Zealot x2  
  103  9:39  Probe  
  103  9:40  Probe  
  104  9:51  Sentry x2  
  104  9:52  Zealot, Sentry  
  101  10:00  Zealot x4  
Show
View Real Time Build Order
Export as new Build Order

Future Terran 

Build Orders:  

Get SALT Encoding   

  12  0:00  SCV  
  13  0:12  SCV  
  14  0:17  Supply Depot  
  14  0:24  SCV  
  15  0:39  SCV  
  15  0:40  Barracks  
  16  0:43  Refinery  
  16  0:51  SCV  
  17  1:03  SCV  
  18  1:15  SCV  
  19  1:27  Marine  
  19  1:28  Orbital Command  
  20  1:44  Command Center  
  20  1:57  SCV  
  20  1:58  Factory  
  21  2:02  Barracks Reactor  
  21  2:09  SCV  
  21  2:13  Supply Depot  
  22  2:17  Refinery  
  22  2:21  SCV  
  23  2:35  SCV  
  24  2:42  Starport  
  24  2:47  SCV  
  24  2:48  Hellion  
  24  2:50  Hellion  
  28  2:59  SCV, Barracks Tech Lab  
  29  3:09  Hellion  
  29  3:12  Hellion  
  33  3:14  Orbital Command  
  33  3:19  Medivac  
  35  3:20  SCV  
  36  3:32  SCV  
  37  3:40  SCV  
  38  3:45  SCV  
  38  3:47  Cyclone, Marine x2  
  44  3:53  SCV  
  44  3:57  SCV  
  44  4:02  Supply Depot  
  45  4:05  SCV  
  46  4:13  Liberator  
  46  4:23  Marine x2, Supply Depot  
  46  4:24  SCV x2, Siege Tank  
  54  4:42  SCV x2  
  54  4:44  Marine x2  
  50  4:50  Supply Depot  
  50  4:51  Bunker, Command Center  
  50  4:54  SCV x2  
  50  4:56  Siege Tank  
  55  5:02  Marine x2  
  55  5:06  SCV x2  
  59  5:14  Barracks  
  59  5:15  Barracks  
  59  5:18  SCV  
  59  5:21  SCV  
  58  5:27  Marine  
  62  5:34  SCV  
  60  5:36  SCV  
  60  5:37  Marine  
  60  5:40  Factory Tech Lab  
  60  5:41  Refinery, Supply Depot  
  59  5:44  Engineering Bay  
  59  5:45  Marine  
  59  5:46  SCV  
  59  5:48  SCV  
  62  5:51  Refinery  
  60  5:58  SCV  
  60  6:00  SCV  
  60  6:03  Siege Tank  
  63  6:10  Barracks Tech Lab  
  60  6:11  Orbital Command  
  60  6:13  Terran Infantry Weapons Level 1  
  60  6:14  Marauder, Marine x2  
  60  6:15  Stimpack  
  65  6:20  Barracks  
  63  6:25  SCV, Barracks  
  63  6:29  Marauder  
  63  6:32  Starport Reactor, Marine x2  
  68  6:36  Marauder  
  70  6:42  Factory Reactor  
  66  6:48  SCV  
  66  6:51  Marauder, Marine x2  
  66  6:53  SCV  
  72  6:57  Marauder, Supply Depot  
  72  6:58  Supply Depot  
  74  7:05  Orbital Command  
  74  7:12  Marauder  
  74  7:13  Barracks Reactor  
  76  7:17  Marine x2  
  76  7:18  Marauder, Medivac x2  
  76  7:20  Widow Mine  
  76  7:21  Supply Depot x2, Widow Mine  
  88  7:24  SCV  
  88  7:25  SCV  
  88  7:28  Marauder, Concussive Shells  
  88  7:29  Combat Shield  
  92  7:31  SCV  
  92  7:34  Marauder  
  92  7:35  Marine x2  
  92  7:36  SCV  
  92  7:37  SCV  
  99  7:40  Marauder  
  99  7:43  SCV, Supply Depot  
  99  7:44  Supply Depot  
  102  7:45  Widow Mine x2  
  102  7:49  SCV x2, Marauder  
  110  7:51  Medivac x2  
  110  7:55  Marauder  
  110  7:56  Marine  
  110  7:57  Marine x2  
  119  8:01  Supply Depot x2  
  119  8:05  Marauder  
  121  8:11  Marauder, Marine  
  124  8:14  Marine x2  
  124  8:16  Marauder, Widow Mine x2  
  132  8:20  Marine  
  132  8:26  Marauder  
  135  8:27  Medivac  
  135  8:28  Medivac  
  135  8:31  Marine  
  135  8:32  Marauder  
  135  8:33  Marine  
  140  8:46  Marauder, Marine  
  139  8:50  Widow Mine x2  
  140  9:00  Marine  
  140  9:01  Marauder, Marine x2  
  120  9:03  Marine  
  108  9:11  Widow Mine  
  108  9:12  Marauder  
  108  9:14  Marine  
  100  9:17  Widow Mine  
  100  9:18  Marine  
  100  9:22  Marauder x2  
  100  9:23  Marine x2  
  96  9:32  Marine  
  96  9:37  Marine  
  98  9:42  Marine  
  99  9:52  Marine  
  93  9:53  Marine x3  
Tags
 
Add a new tag
Caveats
  • Supply blocks, unpowered buildings, or Contaminate may cause inaccurate times.
  • Supply counts are checked every 10 seconds.